 Dungeon Crawl Stone Soup version 0.21.1-1-g345015fe64 (webtiles) character file.

1453 Fascinator the Ruffian (level 8, -22/66 HPs)
             Began as a Yellow Draconian Transmuter on July 8, 2018.
             Killed from afar by Dowan (28 damage)
             ... with a shard of ice
             ... on level 6 of the Dungeon.
             The game lasted 00:16:35 (5544 turns).

Fascinator the Ruffian (DrTm)                       Turns: 5544, Time: 00:16:35

Health: -22/66     AC:  7    Str: 15    XL:     8   Next: 47%
Magic:  14/14      EV: 14    Int: 19    God:
Gold:   237        SH:  0    Dex: 14    Spells: 15/16 levels left

rFire    . . .     SeeInvis .     - Unarmed
rCold    . . .     Gourm    .   (no shield)
rNeg     . . .     Faith    .   (armour unavailable)
rPois    .         Spirit   .   (helmet restricted)
rElec    .         Reflect  .   n - +0 cloak
rCorr    +         Harm     .   (no gloves)
MR       .....                  (no boots)
Stlth    +.........             (no amulet)
HPRegen  0.21/turn              m - +3 ring of dexterity
MPRegen  0.14/turn              (no ring)

@: brilliant, lethally poisoned (-22 -> -26)
A: spit acid, acid resistance, unfitting armour, cold-blooded, AC +6
a: Breathe Acid


You were on level 6 of the Dungeon.
You were hungry.

You visited 1 branch of the dungeon, and saw 7 of its levels.
You also visited: Sewer.

You collected 237 gold pieces.

Inventory:

Missiles
 p - 53 arrows
Armour
 n - a +0 cloak (worn)
 t - a +0 pair of boots
Jewellery
 m - a +3 ring of dexterity (left hand)
 r - an uncursed ring of protection from magic {unknown}
Wands
 a - a wand of random effects (22)
 e - a wand of iceblast (6)
 q - a wand of digging (15)
Scrolls
 f - a scroll of enchant armour {unknown}
 g - 2 scrolls of remove curse {unknown}
 h - 3 scrolls of teleportation
 k - 2 scrolls of fear
 s - a scroll of magic mapping
Potions
 d - a potion of resistance {unknown}
 i - 2 potions of flight
 j - 4 potions of curing
 l - a potion of brilliance
 o - a potion of cancellation {unknown}
Books
 b - a book of Changes

   Spells                             Type                      Level
   a - Beastly Appendage              Transmutation                1
   b - Sticks to Snakes               Transmutation                2
   c - Spider Form                    Transmutation/Poison         3
   d - Ice Form                       Ice/Transmutation            4
   e - Blade Hands                    Transmutation                5
 u - a book of Conjurations

   Spells                             Type                      Level
   a - Magic Dart                     Conjuration                  1
   b - Searing Ray                    Conjuration                  2
   c - Dazzling Spray                 Conjuration/Hexes            3
   d - Fulminant Prism                Conjuration/Hexes            4
   e - Force Lance                    Conjuration/Translocation    4
   f - Iskenderun's Mystic Blast      Conjuration                  4
Comestibles
 c - 11 rations
 v - 2 chunks of flesh


   Skills:
 - Level 4.1 Fighting
 + Level 4.2 Dodging
 * Level 6.8 Unarmed Combat
 * Level 4.5 Spellcasting
 * Level 4.8 Transmutations


You had 15 spell levels left.
You knew the following spells:

 Your Spells              Type           Power        Failure   Level  Hunger
a - Beastly Appendage     Tmut           ####..       1%          1    None


Dungeon Overview and Level Annotations

Branches:
Dungeon (7/15)
 Temple: D:4-7

Altars:
Elyvilon
Kikubaaqudgha
Nemelex Xobeh
Qazlal
Sif Muna
Wu Jian
Xom

Annotations:
D:6 Dowan


Innate Abilities, Weirdness & Mutations

You can spit globs of acid.
You are resistant to acid.
Your golden yellow scales are hard. (AC +6)
You cannot fit into any form of body armour.
You are cold-blooded and may be slowed by cold attacks.


Message History

You feel clever all of a sudden.
* * * LOW HITPOINT WARNING * * *
You feel sick.
Dowan mumbles some strange words.
Dowan blinks!
The scorpion barely misses you.
You feel sick. Dowan barely misses you.
There is an open door here.
Dowan closely misses you.
You feel sick.
Dowan casts a spell.
Dowan blinks!
You have got your breath back.
You feel sick.
You feel sick.
Dowan casts a spell.
Dowan blinks!
You feel sick.
Dowan points at you and mumbles some strange words.
The shard of ice hits you!
You die...

.. #.....# .. #.....# ##.
#.....# #.. +.....# #..
#.....################
#.#..####.....##........##....
#....)..'.....++........++>...
#.#..####l.....#........##....
#.. #..s.@.'.......)##.... #.#
#......######.))##.... #.
#....e.# ###.##.... ..
###'###########'##.... .. #.#
#...##.....).. .# #.#
#.#.##........ #.#
#....'...)[### #.#
###.##.....# #+# #.##.....#


You could see Dowan, a scorpion and an iguana.

Vanquished Creatures
  A hippogriff (D:7)
  Duvessa (D:6)
  2 sky beasts
  A black bear (D:6)
  A centaur (D:6)
  2 big kobolds (Sewer)
  A bullfrog (D:7)
  2 scorpions (D:4)
  A quasit (D:6)
  A bullfrog skeleton (D:6)
  Jessica (D:2)
  An iguana (D:4)
  2 worker ants
  3 gnolls (D:7)
  13 adders
  6 river rats
  3 oozes (Sewer)
  5 worms
  4 leopard geckos
  14 orcs
  13 bats
  5 giant cockroaches
  9 goblins
  8 hobgoblins
  9 jackals
  2 quokkas
  4 ball pythons
  6 frilled lizards
  13 kobolds
  13 rats
147 creatures vanquished.

Notes
Turn   | Place    | Note
-------+----------+-------------------------------------------
     0 | D:1      | Fascinator the Draconian Transmuter began the quest for the Orb.
     0 | D:1      | Reached XP level 1. HP: 16/16 MP: 3/3
   209 | D:1      | Reached XP level 2. HP: 9/23 MP: 1/5
   838 | D:1      | Reached XP level 3. HP: 21/28 MP: 6/6
  1300 | D:2      | Noticed Jessica
  1310 | D:2      | Killed Jessica
  1319 | D:2      | Reached XP level 4. HP: 22/36 MP: 5/7
  1915 | D:2      | Found a faded altar of an unknown god.
  2268 | D:3      | Reached skill level 4 in Unarmed Combat
  2869 | D:3      | Reached XP level 5. HP: 41/41 MP: 8/8
  3130 | D:4      | Found a glowing drain.
  3296 | Sewer    | Entered a sewer
  3444 | Sewer    | Reached XP level 6. HP: 40/50 MP: 10/10
  3834 | Sewer    | Reached skill level 5 in Unarmed Combat
  4209 | D:4      | Found an ornate altar of the Wu Jian Council.
  4241 | D:4      | Your scales start taking on a golden yellow colour.
  4241 | D:4      | Reached XP level 7. HP: 57/57 MP: 9/12
  4783 | D:5      | Entered Level 5 of the Dungeon
  4798 | D:4      | You fall through a shaft for 3 floors!
  5076 | D:7      | Noticed a hippogriff
  5083 | D:7      | Reached skill level 6 in Unarmed Combat
  5091 | D:7      | Killed a hippogriff
  5091 | D:7      | Reached XP level 8. HP: 57/66 MP: 11/13
  5205 | D:6      | Found a deep blue altar of Sif Muna.
  5208 | D:6      | Found a white marble altar of Elyvilon.
  5211 | D:6      | Found an ancient bone altar of Kikubaaqudgha.
  5211 | D:6      | Found a shimmering altar of Xom.
  5211 | D:6      | Found a sparkling altar of Nemelex Xobeh.
  5212 | D:6      | Found a stormy altar of Qazlal.
  5512 | D:6      | Noticed Duvessa
  5513 | D:6      | Noticed Dowan
  5522 | D:6      | Killed Duvessa
  5544 | D:6      | Killed from afar by Dowan

Skill      XL: |  1  2  3  4  5  6  7  8 |
---------------+-------------------------+-----
Dodging        | 2 3 4 |  4.2
Fighting       | 2 3 4 |  4.1
Unarmed Combat | 4 5 6 |  6.8
Transmutations | 3 4 |  4.8
Spellcasting   | 3 4 |  4.5

Action                   |  1- 3 |  4- 6 |  7- 9 || total
-------------------------+-------+-------+-------++-------
Melee: Unarmed           |   123 |   329 |   117 ||   569
       Tailslap          |    12 |    28 |    18 ||    58
       Kick              |     3 |    20 |     6 ||    29
       Headbutt          |     4 |    21 |     6 ||    31
       Punch             |       |     2 |       ||     2
 Cast: Beastly Appendage |    10 |    32 |    14 ||    56
 Abil: Breathe Acid      |       |       |    12 ||    12
  Use: Scroll            |       |       |    12 ||    12
       Potion            |       |       |     5 ||     5
 Stab: Sleeping          |       |     2 |     1 ||     3
  Eat: Chunk             |     1 |    11 |     6 ||    18
Armor: Skin              |    57 |   104 |    38 ||   199
Dodge: Dodged            |   100 |   186 |    86 ||   372
